 Dungeon Crawl Stone Soup version 0.22-a0-307-g2b15929 (webtiles) character file.

59 Kidiri the Insei (level 3, 0/28 HPs)
             Began as a Draconian Transmuter on Apr 1, 2018.
             Slain by a goblin
             ... wielding a +0 club
             ... led by Robin
              (7 damage)
             ... on level 2 of the Dungeon.
             The game lasted 00:05:32 (1189 turns).

Kidiri the Insei (Draconian Transmuter)             Turns: 1189, Time: 00:05:34

Health: 0/28       AC:  2    Str: 12    XL:     3   Next: 78%
Magic:  4/6        EV: 20    Int: 13    God:
Gold:   44         SH:  0    Dex: 17    Spells: 0/6 levels left

rFire    . . .     SeeInvis .     - Unarmed
rCold    . . .     Gourm    .   (shield currently unavailable)
rNeg     . . .     Faith    .   (armour unavailable)
rPois    x         Spirit   .   (helmet currently unavailable)
rElec    .         Reflect  .   (cloak currently unavailable)
rCorr    .         Harm     .   (gloves currently unavailable)
MR       .....                  (boots currently unavailable)
Stlth    ++........             (no amulet)
HPRegen  0.09/turn              (no ring)
MPRegen  0.10/turn              (no ring)

@: spider-form (expiring)
A: tiny, unfitting armour, AC +5
a: End Transformation


You were on level 2 of the Dungeon.
You were hungry.
You were a venomous arachnid creature.
You visited 1 branch of the dungeon, and saw 2 of its levels.

You collected 44 gold pieces.

Inventory:

Missiles
 a - 12 arrows
 d - 36 stones (quivered)
Armour
 g - a +0 pair of gloves (melded)
Scrolls
 b - a scroll of enchant armour {unknown}
 k - a scroll of noise
Potions
 e - a potion of lignification
 h - a potion of brilliance
Comestibles
 c - 2 rations
 j - 5 chunks of flesh


   Skills:
 + Level 1.5 Fighting
 + Level 0.5 Throwing
 * Level 2.2 Dodging
 + Level 1.0 Stealth
 * Level 3.4 Unarmed Combat
 * Level 2.4 Spellcasting
 + Level 2.2 Transmutations
 + Level 0.1 Poison Magic


You couldn't memorise any spells.
You knew the following spells:

 Your Spells              Type           Power        Failure   Level  Hunger
a - Beastly Appendage     Tmut           #.....       24%         1    #......
b - Sticks to Snakes      Tmut           #.......     32%         2    ###....
c - Spider Form           Tmut/Pois      #.........   63%         3    ###....


Dungeon Overview and Level Annotations

Branches:
Dungeon (2/15)

Altars:

Annotations:
D:2 Sigmund


Innate Abilities, Weirdness & Mutations

((Your plain brown scales are hard. (AC +5)))
You cannot fit into any form of body armour.
((You are cold-blooded and may be slowed by cold attacks.))


Message History

Robin is severely wounded.
You kill Robin!
The goblin hits you with a dagger.
The hobgoblin throws a javelin.
The javelin misses you.
The javelin hits the goblin but does no damage.
Unknown command.
An adder and a giant cockroach come into view.
The goblin barely misses you.
The hobgoblin throws a javelin.
The javelin hits you.
* * * LOW HITPOINT WARNING * * *
You see here a javelin.
Unknown command.
Okay, then.
As you read the scroll labeled KINIYTS SALYBB, it crumbles to dust.
You hear a loud clanging noise!
It was a scroll of noise.
You hear a shout! x2; You hear an angry hiss. x2
The goblin barely misses you. The hobgoblin closely misses you.
The goblin barely misses you. The goblin hits you with a club!
You die...

............##.....#
...................#
####.#[..#.......#...
.....#.#....####).####
......S...g..÷........#.##
.........g..######.......#
.....>..s.#).†.)...#####.#
.....#...ggg..###### #
....#.(!.gsg....#
.........g......#
....#....#).....# ...
#....#......# #
#....#......#
#.<..######## #....#
######


You could see an adder, a giant cockroach, 2 hobgoblins and 6 goblins.

Vanquished Creatures
  Robin (D:2)
  A worm (D:2)
  A leopard gecko (D:2)
  4 giant cockroaches (D:1)
  10 goblins
  2 hobgoblins
  5 jackals
  4 kobolds
  7 bats
  4 rats
39 creatures vanquished.

Notes
Turn   | Place    | Note
-------+----------+-------------------------------------------
     0 | D:1      | Kidiri the Draconian Transmuter began the quest for the Orb.
     0 | D:1      | Reached XP level 1. HP: 16/16 MP: 3/3
     2 | D:1      | Noticed a tengu
     2 | D:1      | Noticed a troll
     4 | D:1      | Noticed a gargoyle
     4 | D:1      | Noticed a dwarf
     6 | D:1      | Noticed a demonspawn
     6 | D:1      | Noticed a demigod
     8 | D:1      | Noticed an elf
     8 | D:1      | Noticed an ogre
    10 | D:1      | Noticed a minotaur
    12 | D:1      | Noticed a draconian
    14 | D:1      | Noticed a vampire
    14 | D:1      | Noticed an octopode
    16 | D:1      | Noticed a naga
    18 | D:1      | Noticed a spriggan
    18 | D:1      | Noticed a merfolk
    20 | D:1      | Noticed a vine stalker
    20 | D:1      | Noticed a human
    22 | D:1      | Noticed a halfling
    22 | D:1      | Noticed a centaur
    24 | D:1      | Noticed a formicid
    24 | D:1      | Noticed a ghoul
    26 | D:1      | Noticed a felid
   213 | D:1      | Reached XP level 2. HP: 20/23 MP: 5/5
   220 | D:1      | Learned a level 2 spell: Sticks to Snakes
   558 | D:1      | Reached XP level 3. HP: 26/28 MP: 6/6
   563 | D:1      | Learned a level 3 spell: Spider Form
   884 | D:2      | Noticed Sigmund
   884 | D:2      | Noticed Robin
  1186 | D:2      | Reached skill level 1 in Stealth
  1187 | D:2      | Killed Robin
  1189 | D:2      | Slain by a goblin

Vault maps used:
D:1:      kb_arrival_jail
D:2:      first_ration, serial_bayou_pond_c, uniq_sigmund, uniq_robin

Skill      XL: |  1  2  3 |
---------------+----------+-----
Dodging        | 2 |  2.2
Stealth        | 1 |  1.0
Fighting       | |  1.5
Throwing       | |  0.5
Unarmed Combat | |  3.4
Spellcasting   | |  2.4
Transmutations | |  2.2
Poison Magic   | |  0.1

Action                   || total
-------------------------++-------
Melee: Unarmed           ||   117
       Tailslap          ||    11
       Kick              ||     2
       Punch             ||     2
Throw: Stone             ||     4
 Cast: Beastly Appendage ||     3
       Spider Form       ||     3
  Use: Scroll            ||     4
  Eat: Chunk             ||     1
Armor: Skin              ||    39
Dodge: Dodged            ||    87

Table legend:
 A = Spawn XP
 B = Non-spawn XP
 C = Spawn XP percentage of total XP
 D = Spawn monster count
 E = Non-spawn monster count
 F = Spawn count percentage of total count
 G = Total turns spent on level
                    A         B        C        D         E        F      G
               +---------+---------+-------+---------+---------+-------+---------
         Total |       0 |      85 |   0.0 |       0 |      39 |   0.0 |  1189
               +---------+---------+-------+---------+---------+-------+---------
           D:1 |       0 |      46 |   0.0 |       0 |      26 |   0.0 |  1011
           D:2 |       0 |      39 |   0.0 |       0 |      13 |   0.0 |   178
               +---------+---------+-------+---------+---------+-------+---------
